 Dungeon Crawl Stone Soup version 0.29-a0-1033-gb6c65ffae6 (webtiles) character file.

Game seed: 9727014671937735309

751 Zonian the Purveyor of Pain (level 7, -2/46 HPs)
             Began as a Demonspawn Necromancer on Aug 14, 2022.
             Was an Initiate of Kikubaaqudgha.
             Succumbed to a killer bee's poison
             ... on level 5 of the Dungeon.
             The game lasted 00:13:36 (7395 turns).

Zonian the Purveyor of Pain (DsNe)                  Turns: 7395, Time: 00:13:37

Health: -2/46      AC:  5    Str: 13    XL:     7   Next: 49%
Magic:  3/14       EV: 12    Int: 17    God:    Kikubaaqudgha [......]
Gold:   204        SH:  0    Dex: 12    Spells: 8/16 levels left

rFire   . . .      SeeInvis .   m - +2 short sword (protect)
rCold   + . .      Faith    .   (no shield)
rNeg    . . .      Spirit   +   a - +0 robe
rPois   .          Reflect  .   (helmet restricted)
rElec   .          Harm     .   (no cloak)
rCorr   .          Rampage  .   i - +1 pair of gloves
Will    .....                   k - +0 pair of boots
Stlth   ++........              d - amulet of guardian spirit
HPRegen 0.15/turn               e - ring of protection from cold
MPRegen 0.14/turn               (no ring)

@: lethally poisoned (-2 -> -17)
A: foul stench 1, sturdy frame 2, demonic touch 1, horns 1, strong 1
a: Renounce Religion


You were on level 5 of the Dungeon.
You worshipped Kikubaaqudgha.
Kikubaaqudgha was noncommittal.
You visited 2 branches of the dungeon, and saw 6 of its levels.
You also visited: Sewer.

You collected 204 gold pieces.

Inventory:

Hand Weapons
 c - a +0 dagger
 m - a +2 short sword of protection (weapon)
 n - a +3 dagger of protection
 u - a +0 trident of freezing
Missiles
 j - 3 poisoned darts
Armour
 a - a +0 robe (worn)
 i - a +1 pair of gloves (worn)
 k - a +0 pair of boots (worn)
Jewellery
 d - an amulet of guardian spirit (around neck)
 e - a ring of protection from cold (left hand)
 r - a ring of wizardry
Scrolls
 h - 2 scrolls of teleportation
 t - a scroll of identify
 v - 3 scrolls of magic mapping
 x - a scroll of butterflies
Potions
 b - a potion of magic
 g - a potion of cancellation
 l - a potion of mutation
 o - a potion of haste
 p - 2 potions of degeneration


   Skills:
 - Level 3.0 Dodging
 - Level 3.1 Stealth
 + Level 5.1 Spellcasting
 + Level 7.2 Necromancy


You had 8 spell levels left.
You knew the following spells:

 Your Spells              Type           Power      Damage    Failure   Level
a - Necrotise             Necr           100%       1d9       1%          1
b - Vampiric Draining     Necr           29%        2d8       2%          3
c - Animate Dead          Necr           29%        N/A       7%          4

Your spell library contained the following spells:

 Spells                   Type           Power      Damage    Failure   Level
 Agony                    Necr           29%        N/A       21%         5
 Tukima's Dance           Hex            4%         N/A       38%         3
 Passage of Golubria      Tloc           4%         N/A       80%         4
 Yara's Violent Unravell  Hex/Tmut       2%         3d3       98%         5


Dungeon Overview and Level Annotations

Branches:
Dungeon (5/15)             Temple (1/1) D:5           Sewer (visited)

Altars:
Ashenzari
Cheibriados
Dithmenos
Gozag
Hepliaklqana
Kikubaaqudgha
Makhleb
Nemelex Xobeh
Okawaru
Ru
Sif Muna
Vehumet
Wu Jian

Shops:
D:3 =

Annotations:
D:3 1 runed translucent door, xian's ghost, amateur VSWn


Innate Abilities, Weirdness & Mutations

You may rarely emit foul miasma when damaged in melee.
Your movements are less encumbered by armour. (ER -4)
Your touch may inflict minor irresistible damage on your foes.
You have a pair of small horns on your head.
Your muscles are strong. (Str +4, Int/Dex -1)


Message History

Confirm with . or Enter, or press ? or * to list all spells.
Aiming: Necrotise (safe; 1% risk of failure)
Press: ? - help, Shift-Dir - straight line, f/p - killer bee
Aim: a killer bee (foul pestilence, almost dead, extremely poisoned, chance to affect: 88%)
The killer bee barely resists.
You feel very sick.
You kill the killer bee!
Kikubaaqudgha accepts your kill.
The killer bee stings you but does no damage.
The killer bee stings you.
Okay, then.
Blink to where?
Press: ? - help, Dir - move target
As you read the scroll of blinking, it crumbles to dust.
* * * LOW HITPOINT WARNING * * *
You feel very sick.
Unknown command.
Really quaff the potion of mutation?
You feel extremely strange.
You feel a little pissed off.
You feel weirdly uncertain.
Your toenails lengthen and sharpen.
* * * LOW HITPOINT WARNING * * *
You feel very sick.
Really quaff the potion of mutation?
You feel extremely strange.
You feel a little more calm.
You feel stable.
You feel less energetic.
* * * LOW HITPOINT WARNING * * *
You feel sick. The killer bee stings you.
* * * LOW HITPOINT WARNING * * *
The killer bee stings you.
* * * LOW HITPOINT WARNING * * *
You are more poisoned.
The killer bee poisons you! The killer bee barely misses you. x2
Okay, then.
Really quaff the potion of mutation?
You feel extremely strange.
You feel more energetic.
Your talons dull and shrink into feet.
A pair of horns grows on your head!
You feel stronger.
You die...
Kikubaaqudgha rasps: "You have failed me!
Welcome... death!"

#...###..# #.# #.# #..##
#..# #.# #.# #..##
#..######.##### #.# ...#
+..........†..# #.# .#.
#.####...#..#.# #.# .#
#.#...†.###.#.########.##
#.#.##.#.#...............
#... #.##y###.###########
#.## #..@y....# ####### ...
####.##### #...... ### #.#
#.#.#.#
###########.#########......
#...............#.....#....
#...............#.###......
#..####.....g...#.# #.#...>
#..####.........#.###......
##..##...............#.#....


You could see 2 killer bees and a gnoll (wandering).

Vanquished Creatures
  A scorpion (D:5)
  2 killer bees (D:5)
  A crimson imp (D:3)
  5 hounds
  A gnoll bouda (D:5)
  An iguana (D:5)
  7 adders
  5 gnolls
  2 river rats (D:5)
  A shadow imp (D:5)
  2 ufetubi
  2 worms
  A dart slug (D:2)
  10 orcs
  4 bats
  5 endoplasms
  7 giant cockroaches
  2 goblins
  10 hobgoblins
  4 jackals (D:3)
  11 kobolds
  2 quokkas
  6 ball pythons
  2 frilled lizards
  4 rats
98 creatures vanquished.

Vanquished Creatures (collateral kills)
  Pargi (Sewer)
  A hound (D:5)
  A bat (D:1)
  2 frilled lizards
5 creatures vanquished.

Vanquished Creatures (others)
  2 fungi (D:3)
  5 plants (D:3)
7 creatures vanquished.

Grand Total: 110 creatures vanquished

Notes
Turn   | Place    | Note
-------+----------+-------------------------------------------
     0 | D:1      | Zonian the Demonspawn Necromancer began the quest for the
                  | Orb.
     0 | D:1      | Reached XP level 1. HP: 13/13 MP: 3/3
   268 | D:1      | Gained mutation: Your touch may inflict minor irresistible
                  | damage on your foes. [demonic ancestry]
   268 | D:1      | Reached XP level 2. HP: 19/19 MP: 0/5
   741 | D:1      | Gained mutation: Your movements are slightly less
                  | encumbered by armour. (ER -2) [demonic ancestry]
   741 | D:1      | Reached XP level 3. HP: 24/24 MP: 6/6
  1477 | D:2      | Learned a level 3 spell: Vampiric Draining
  3011 | D:3      | Found a faded altar of an unknown god.
  3018 | D:3      | Found Emmisez's Jewellery Boutique.
  3064 | D:3      | Found a sparkling altar of Nemelex Xobeh.
  3165 | D:3      | Reached XP level 4. HP: 30/30 MP: 4/8
  3299 | D:3      | Reached skill level 5 in Necromancy
  3412 | D:3      | Found a radiant altar of Vehumet.
  3413 | D:3      | Found a burning altar of Makhleb.
  4048 | D:3      | Gained mutation: Your movements are less encumbered by
                  | armour. (ER -4) [demonic ancestry]
  4048 | D:3      | Reached XP level 5. HP: 31/35 MP: 1/9
  4138 | D:3      | Found a runed translucent door.
  4139 | D:3      | Noticed xian's ghost (amateur VSWn)
  4608 | D:4      | Learned a level 4 spell: Animate Dead
  5031 | D:4      | Found a hazy altar of Hepliaklqana.
  5446 | D:5      | Entered Level 5 of the Dungeon
  5492 | D:5      | Noticed an ogre
  5525 | D:5      | Reached XP level 6. HP: 10/41 MP: 1/11
  5892 | D:5      | Found a glowing drain.
  5896 | Sewer    | Entered a sewer
  6293 | Sewer    | Noticed Pargi
  6305 | Sewer    | Killed Pargi
  6306 | Sewer    | Reached skill level 6 in Necromancy
  6825 | D:5      | Gained mutation: You may rarely emit foul miasma when
                  | damaged in melee. [demonic ancestry]
  6825 | D:5      | Reached XP level 7. HP: 32/46 MP: 5/13
  6894 | D:5      | Found a staircase to the Ecumenical Temple.
  6919 | Temple   | Entered the Ecumenical Temple
  7111 | Temple   | Became a worshipper of Kikubaaqudgha
  7293 | D:5      | Reached skill level 7 in Necromancy
  7383 | D:5      | Reached skill level 5 in Spellcasting
  7393 | D:5      | Gained mutation: You sometimes lose your temper in combat.
                  | [potion of mutation]
  7393 | D:5      | Gained mutation: You are occasionally teleported next to
                  | monsters. [potion of mutation]
  7393 | D:5      | Gained mutation: You have sharp toenails. [potion of
                  | mutation]
  7394 | D:5      | Lost mutation: You sometimes lose your temper in combat.
                  | [potion of mutation]
  7394 | D:5      | Lost mutation: You are occasionally teleported next to
                  | monsters. [potion of mutation]
  7394 | D:5      | Gained mutation: Your magical capacity is low. (-10% MP)
                  | [potion of mutation]
  7394 | D:5      | HP: 2/46 [killer bee (4)]
  7395 | D:5      | Lost mutation: Your magical capacity is low. (-10% MP)
                  | [potion of mutation]
  7395 | D:5      | Lost mutation: You have sharp toenails. [potion of
                  | mutation]
  7395 | D:5      | Gained mutation: You have a pair of small horns on your
                  | head. [potion of mutation]
  7395 | D:5      | Gained mutation: Your muscles are strong. (Str +4, Int/Dex
                  | -1) [potion of mutation]
  7395 | D:5      | Succumbed to a killer bee's poison

Illustrated notes

Levels and vault maps discovered:
D:1:      amcnicky_arrival_double_pillar, layout_loops_ring, serial_bayou_pond_a
D:2:      layout_loops_corners, minmay_misc_feat_five, grunt_decor_junction,
          minmay_goblin_kobold_house
D:3:      layout_loops_cross, grunt_temple_overflow_lords_of_destruction,
          nemelex_diamond_rough_becter, ebering_ghost_reflecting_pool,
          serial_shops, shop, shapermc_ecumenical_altar_mp_ritualfount,
          serial_co_window_serial, co_window_corner_a, co_window_paths_a,
          co_window_of_opportunity_a, co_window_corner_a, co_window_paths_a,
          co_window_paths_c, co_window_paths_c, co_window_corner_ca,
          co_window_corner_cb, co_window_paths_d, glass_columns_a,
          hangedman_decor_diamond_cutter
D:4:      layout_gridville, mainiacjoe_overflow_small_starburst,
          bh_walls_and_bars
D:5:      layout_loops_corners, mainiacjoe_overflow_cross_hatched,
          minmay_temple_entry_glass, gup_ossuary_entry_pyramid,
          gup_sewer_entry_bowl, cheibrodos_gnoll_hut
Temple:   minmay_freezing_vapour_temple

Skill      XL: |  1  2  3  4  5  6  7 |
---------------+----------------------+-----
Dodging        | 2 3 |  3.0
Stealth        | 2 3 |  3.1
Necromancy     | 5 6 7 |  7.2
Spellcasting   | 3 4 5 |  5.1

Action                   |  1- 3 |  4- 6 |  7- 9 || total
-------------------------+-------+-------+-------++-------
Melee: Dagger            |    49 |       |       ||    49
       Touch             |    14 |    18 |     4 ||    36
       Punch             |     1 |     2 |       ||     3
       Short sword       |    24 |   155 |    12 ||   191
 Cast: Necrotise         |    34 |    71 |    22 ||   127
  Use: Scroll            |     2 |    12 |     3 ||    17
       Potion            |       |       |     8 ||     8
 Stab: Sleeping          |     8 |     1 |       ||     9
Armor: Robe              |    30 |    79 |     7 ||   116
Dodge: Dodged            |    53 |   145 |    38 ||   236

Table legend: (Time is in decaauts)
 A = Elapsed time spent in this place.
 B = Non-inter-level travel time spent in this place.
 C = Inter-level travel time spent in this place.
 D = Time resting spent in this place.
 E = Time spent auto-exploring this place.
 F = Levels seen in this place.
 G = Mean time per level.
                   A        B        C        D        E       F      G
               +--------+--------+--------+--------+--------+-----+--------+
         Total |   7438 |   7268 |    170 |   2599 |   3452 |   7 | 1062.6 |
       Dungeon |   6364 |   6194 |    170 |   1653 |   3452 |   5 | 1272.8 |
        Temple |    368 |    368 |      0 |    339 |      0 |   1 |  368.0 |
         Sewer |    706 |    706 |      0 |    607 |      0 |   1 |  706.0 |
               +--------+--------+--------+--------+--------+-----+--------+

Top non-repeatable levels by time:
     D:3: 1549 daAuts
     D:2: 1519 daAuts
     D:1: 1474 daAuts
     D:4: 915 daAuts
     D:5: 905 daAuts
   Sewer: 706 daAuts
  Temple: 368 daAuts
